3170 views
Uploaded 2020-05-23 16:36:35
Game version 1.32.4 / 1.32.5
16:52 long 2on2 ladder game on (4)TwistedMeadows
Saved by Redwood
3170 views
Uploaded 2020-05-23 16:36:35
Game version 1.32.4 / 1.32.5
16:52 long 2on2 ladder game on (4)TwistedMeadows


63 units @ 8.3k
/ 1.3k
30 buildings @ 5.2k
/ 2.1k


| Rod of Necromancy | 4 | 600 |
| Orb of Corruption | 1 | 375 |
| Lesser Clarity Potion | 2 | 140 |
| Potion of Healing | 2 | 300 |
| Scroll of Town Portal | 3 | 1050 |
| Scroll of Healing | 2 | 500 |
| Anti-magic Potion | 1 | 100 |
| total: | 15 | 3065g |
| Acolyte | 4 | 300 | / | 0 |
| Ghoul | 2 | 240 | / | 0 |
| Crypt Fiend | 9 | 1935 | / | 360 |
| Obsidian Statue | 8 | 1600 | / | 280 |
| total: | 23 | 4075g | / | 640w |
| Graveyard | 1 | 215 | / | 0 |
| Crypt | 1 | 200 | / | 50 |
| Altar of Darkness | 1 | 180 | / | 50 |
| Ziggurat | 5 | 750 | / | 250 |
| Tomb of Relics | 1 | 130 | / | 30 |
| Slaughterhouse | 1 | 140 | / | 135 |
| Halls of the Dead | 1 | 320 | / | 210 |
| Black Citadel | 2 | 650 | / | 460 |
| total: | 10 | 1615g | / | 515w |
| 0:02 | Acolyte |
| 0:04 | Graveyard |
| 0:05 | Crypt |
| 0:16 | Acolyte |
| 0:39 | Altar of Darkness |
| 0:53 | Ziggurat |
| 1:08 | Ghoul |
| 1:20 | Tomb of Relics |
| 1:45 | Crypt Fiend |
| 1:56 | Ziggurat |
| 2:18 | Crypt Fiend |
| 2:40 | Rod of Necromancy |
| 2:46 | Death Coil |
| 2:57 | Crypt Fiend |
| 3:36 | Halls of the Dead |
| 3:50 | Ghoul |
| 4:27 | Crypt Fiend |
| 4:40 | Ziggurat |
| 5:22 | Unholy Aura |
| 5:58 | Black Citadel |
| 6:29 | Acolyte |
| 6:29 | Acolyte |
| 6:35 | Rod of Necromancy |
| 6:47 | Slaughterhouse |
| 6:57 | Frost Nova |
| 7:02 | Black Citadel |
| 7:27 | Ziggurat |
| 7:54 | Obsidian Statue |
| 7:54 | Obsidian Statue |
| 7:56 | Crypt Fiend |
| 8:04 | Dark Ritual |
| 8:06 | Death Coil |
| 8:22 | Scroll of Town Portal |
| 8:23 | Rod of Necromancy |
| 8:38 | Web |
| 9:14 | Crypt Fiend |
| 9:24 | Destroyer Form |
| 9:49 | Burrow |
| 10:07 | Crypt Fiend |
| 10:16 | Scroll of Town Portal |
| 10:18 | Orb of Corruption |
| 10:28 | Obsidian Statue |
| 10:54 | Creature Attack |
| 11:37 | Frost Nova |
| 11:57 | Improved Creature Attack |
| 12:06 | Rod of Necromancy |
| 12:10 | Scroll of Healing |
| 12:10 | Scroll of Healing |
| 12:51 | Crypt Fiend |
| 12:52 | Obsidian Statue |
| 13:19 | Unholy Aura |
| 13:30 | Obsidian Statue |
| 14:14 | Obsidian Statue |
| 14:17 | Ziggurat |
| 14:30 | Advanced Creature Attack |
| 14:32 | Lesser Clarity Potion |
| 14:37 | Lesser Clarity Potion |
| 15:02 | Scroll of Town Portal |
| 15:16 | Crypt Fiend |
| 15:35 | Obsidian Statue |
| 16:23 | Obsidian Statue |
| 16:29 | Potion of Healing |
| 16:45 | Potion of Healing |
| 16:47 | Anti-magic Potion |
| Select group | 1991 |
| Right click | 1239 |
| Select | 363 |
| Misc. action | 304 |
| Build/train/purchase | 95 |
| Use ability | 51 |
| Assign group | 41 |
| Item give/drop | 6 |
| Remove unit | 1 |
| Minimap ping | 1 |



| Staff of Preservation | 2 | 300 |
| Lesser Clarity Potion | 2 | 140 |
| Orb of Venom | 1 | 325 |
| Potion of Healing | 2 | 300 |
| Scroll of Town Portal | 2 | 700 |
| Dust of Appearance | 1 | 75 |
| Boots of Speed | 1 | 250 |
| Staff of Teleportation | 1 | 150 |
| total: | 12 | 2240g |
| Wisp | 28 | 1680 | / | 0 |
| Archer | 2 | 260 | / | 20 |
| Dryad | 5 | 725 | / | 300 |
| Mountain Giant | 2 | 700 | / | 200 |
| Goblin Shredder | 1 | 375 | / | 100 |
| Forest Troll Berserker | 2 | 490 | / | 60 |
| total: | 40 | 4230g | / | 680w |
| Ancient Protector | 2 | 270 | / | 160 |
| Altar of Elders | 2 | 360 | / | 100 |
| Moon Well | 6 | 1080 | / | 240 |
| Ancient of War | 2 | 300 | / | 120 |
| Ancient of Wonders | 2 | 180 | / | 60 |
| Tree of Life | 2 | 680 | / | 370 |
| Hunter's Hall | 1 | 210 | / | 100 |
| Ancient of Lore | 2 | 310 | / | 290 |
| Ancient of Wind | 1 | 150 | / | 140 |
| Tree of Ages | 2 | 640 | / | 360 |
| Tree of Eternity | 2 | 660 | / | 400 |
| total: | 20 | 3540g | / | 1580w |
| 0:02 | Wisp |
| 0:02 | Wisp |
| 0:06 | Altar of Elders |
| 0:09 | Altar of Elders |
| 0:19 | Moon Well |
| 0:21 | Wisp |
| 0:26 | Ancient of War |
| 0:34 | Wisp |
| 0:39 | Wisp |
| 0:48 | Wisp |
| 0:55 | Wisp |
| 0:59 | Wisp |
| 1:09 | Wisp |
| 1:27 | Archer |
| 1:36 | Moon Well |
| 1:43 | Archer |
| 2:11 | Force of Nature |
| 3:14 | Wisp |
| 3:14 | Wisp |
| 3:17 | Ancient of War |
| 3:18 | Moon Well |
| 3:32 | Wisp |
| 3:32 | Wisp |
| 3:34 | Ancient of Wonders |
| 3:53 | Wisp |
| 3:54 | Wisp |
| 4:17 | Wisp |
| 4:18 | Wisp |
| 4:33 | Wisp |
| 4:33 | Wisp |
| 4:49 | Boots of Speed |
| 4:49 | Staff of Teleportation |
| 5:05 | Goblin Shredder |
| 5:21 | Wisp |
| 5:21 | Wisp |
| 5:23 | Entangling Roots |
| 5:35 | Tree of Ages |
| 6:06 | Tree of Life |
| 6:13 | Forest Troll Berserker |
| 6:13 | Forest Troll Berserker |
| 6:48 | Hunter's Hall |
| 7:02 | Ancient of Wonders |
| 8:15 | Wisp |
| 8:15 | Wisp |
| 8:16 | Ancient of Lore |
| 8:18 | Ancient of Lore |
| 8:26 | Ancient Protector |
| 8:28 | Ancient Protector |
| 8:34 | Wisp |
| 8:34 | Wisp |
| 8:34 | Wisp |
| 8:48 | Tree of Eternity |
| 8:57 | Wisp |
| 8:57 | Wisp |
| 9:19 | Strength of the Wild |
| 9:42 | Abolish Magic |
| 9:42 | Dryad |
| 9:43 | Staff of Preservation |
| 9:44 | Mountain Giant |
| 9:47 | Lesser Clarity Potion |
| 9:55 | Reinforced Hides |
| 10:10 | Frost Arrows |
| 10:16 | Dryad |
| 10:28 | Dryad |
| 10:46 | Moon Well |
| 10:47 | Improved Strength of the Wild |
| 11:02 | Ancient of Wind |
| 11:34 | Lesser Clarity Potion |
| 11:36 | Orb of Venom |
| 11:49 | Staff of Preservation |
| 12:02 | Rain of Fire |
| 12:36 | Potion of Healing |
| 12:37 | Scroll of Town Portal |
| 12:39 | Entangling Roots |
| 13:14 | Dryad |
| 13:16 | Potion of Healing |
| 14:10 | Mountain Giant |
| 14:12 | Advanced Strength of the Wild |
| 14:13 | Moon Well |
| 14:16 | Moon Well |
| 14:24 | Scroll of Town Portal |
| 14:52 | Dust of Appearance |
| 15:05 | Hardened Skin |
| 15:05 | Resistant Skin |
| 15:11 | Dryad |
| 16:44 | Tree of Life |
| Right click | 1266 |
| Select | 466 |
| Select group | 153 |
| Build/train/purchase | 108 |
| Use ability | 61 |
| Assign group | 56 |
| Misc. action | 55 |
| Minimap ping | 24 |
| Resource trade | 20 |
| Esc | 8 |
| Item give/drop | 1 |
54 units @ 8.3k
/ 1.1k
23 buildings @ 3.7k
/ 1.2k



| Rod of Necromancy | 2 | 300 |
| Orb of Corruption | 1 | 375 |
| Dust of Appearance | 2 | 150 |
| Scroll of Town Portal | 1 | 350 |
| Potion of Lesser Invulnerability | 2 | 300 |
| total: | 8 | 1475g |
| Acolyte | 4 | 300 | / | 0 |
| Ghoul | 3 | 360 | / | 0 |
| Crypt Fiend | 10 | 2150 | / | 400 |
| Obsidian Statue | 2 | 400 | / | 70 |
| Abomination | 3 | 720 | / | 210 |
| total: | 22 | 3930g | / | 680w |
| Crypt | 2 | 400 | / | 100 |
| Graveyard | 1 | 215 | / | 0 |
| Altar of Darkness | 1 | 180 | / | 50 |
| Ziggurat | 6 | 900 | / | 300 |
| Tomb of Relics | 1 | 130 | / | 30 |
| Slaughterhouse | 1 | 140 | / | 135 |
| Halls of the Dead | 1 | 320 | / | 210 |
| Black Citadel | 1 | 325 | / | 230 |
| total: | 12 | 1965g | / | 615w |
| 0:03 | Acolyte |
| 0:05 | Crypt |
| 0:06 | Crypt |
| 0:08 | Graveyard |
| 0:18 | Acolyte |
| 0:43 | Altar of Darkness |
| 0:56 | Ziggurat |
| 1:09 | Ghoul |
| 1:27 | Tomb of Relics |
| 1:47 | Crypt Fiend |
| 2:00 | Ziggurat |
| 2:21 | Crypt Fiend |
| 2:45 | Death Coil |
| 2:48 | Rod of Necromancy |
| 2:48 | Dust of Appearance |
| 3:05 | Crypt Fiend |
| 3:32 | Crypt Fiend |
| 3:53 | Crypt Fiend |
| 4:23 | Halls of the Dead |
| 4:42 | Ziggurat |
| 4:54 | Creature Attack |
| 5:00 | Unholy Aura |
| 5:35 | Ghoul |
| 5:35 | Ghoul |
| 6:06 | Rod of Necromancy |
| 6:29 | Death Coil |
| 6:55 | Black Citadel |
| 7:01 | Crypt Fiend |
| 7:15 | Frost Arrows |
| 7:30 | Slaughterhouse |
| 7:39 | Ziggurat |
| 7:44 | Potion of Lesser Invulnerability |
| 8:25 | Crypt Fiend |
| 8:54 | Forked Lightning |
| 9:00 | Burrow |
| 9:02 | Obsidian Statue |
| 9:15 | Unholy Aura |
| 10:13 | Obsidian Statue |
| 10:14 | Destroyer Form |
| 10:16 | Ziggurat |
| 10:16 | Acolyte |
| 10:47 | Orb of Corruption |
| 11:07 | Frost Nova |
| 11:40 | Ziggurat |
| 11:41 | Acolyte |
| 12:55 | Crypt Fiend |
| 12:56 | Abomination |
| 13:41 | Web |
| 13:54 | Forked Lightning |
| 13:57 | Abomination |
| 14:20 | Crypt Fiend |
| 14:52 | Disease Cloud |
| 15:13 | Scroll of Town Portal |
| 15:13 | Potion of Lesser Invulnerability |
| 15:14 | Dust of Appearance |
| 15:44 | Crypt Fiend |
| 16:25 | Death Coil |
| 16:37 | Abomination |
| Select group | 1519 |
| Right click | 696 |
| Select | 313 |
| Misc. action | 202 |
| Build/train/purchase | 80 |
| Chat | 80 |
| Assign group | 53 |
| Use ability | 39 |
| Minimap ping | 11 |
| Item give/drop | 4 |
| Resource trade | 4 |
| Esc | 1 |


| Rod of Necromancy | 3 | 450 |
| Potion of Healing | 1 | 150 |
| Orb of Corruption | 1 | 375 |
| Scroll of Town Portal | 2 | 700 |
| Scroll of Healing | 1 | 250 |
| total: | 8 | 1925g |
| Acolyte | 5 | 375 | / | 0 |
| Ghoul | 20 | 2400 | / | 0 |
| Crypt Fiend | 1 | 215 | / | 40 |
| Obsidian Statue | 1 | 200 | / | 35 |
| Abomination | 5 | 1200 | / | 350 |
| total: | 32 | 4390g | / | 425w |
| Crypt | 1 | 200 | / | 50 |
| Altar of Darkness | 1 | 180 | / | 50 |
| Ziggurat | 6 | 900 | / | 300 |
| Tomb of Relics | 1 | 130 | / | 30 |
| Graveyard | 1 | 215 | / | 0 |
| Slaughterhouse | 1 | 140 | / | 135 |
| Halls of the Dead | 2 | 640 | / | 420 |
| Black Citadel | 2 | 650 | / | 460 |
| total: | 11 | 1765g | / | 565w |
| 0:02 | Acolyte |
| 0:04 | Crypt |
| 0:09 | Altar of Darkness |
| 0:22 | Ziggurat |
| 0:31 | Acolyte |
| 0:31 | Acolyte |
| 0:45 | Acolyte |
| 1:06 | Tomb of Relics |
| 1:08 | Ghoul |
| 1:21 | Ghoul |
| 1:21 | Ghoul |
| 1:43 | Ziggurat |
| 1:48 | Ghoul |
| 1:48 | Ghoul |
| 2:00 | Ghoul |
| 2:00 | Ghoul |
| 2:17 | Rod of Necromancy |
| 2:32 | Death Coil |
| 3:29 | Unholy Aura |
| 3:33 | Ghoul |
| 3:34 | Halls of the Dead |
| 3:37 | Graveyard |
| 3:49 | Ghoul |
| 3:56 | Ziggurat |
| 4:39 | Ghoul |
| 4:41 | Ziggurat |
| 5:04 | Unholy Armor |
| 5:06 | Ghoul |
| 5:35 | Ghoul |
| 5:37 | Unholy Strength |
| 5:40 | Ziggurat |
| 6:05 | Ghoul |
| 6:30 | Black Citadel |
| 6:56 | Slaughterhouse |
| 7:04 | Frost Nova |
| 7:21 | Scroll of Town Portal |
| 7:45 | Crypt Fiend |
| 7:45 | Ghoul |
| 7:51 | Ziggurat |
| 8:15 | Dark Ritual |
| 8:25 | Obsidian Statue |
| 8:30 | Potion of Healing |
| 8:34 | Rod of Necromancy |
| 8:34 | Rod of Necromancy |
| 8:51 | Ghoul Frenzy |
| 9:02 | Disease Cloud |
| 9:11 | Death Coil |
| 9:42 | Abomination |
| 9:43 | Ghoul |
| 9:44 | Ghoul |
| 10:21 | Abomination |
| 10:23 | Improved Unholy Armor |
| 11:09 | Abomination |
| 12:11 | Acolyte |
| 12:58 | Abomination |
| 13:01 | Orb of Corruption |
| 13:18 | Ghoul |
| 13:18 | Ghoul |
| 14:16 | Abomination |
| 14:17 | Ghoul |
| 14:33 | Frost Nova |
| 14:49 | Ghoul |
| 15:18 | Scroll of Town Portal |
| 15:18 | Scroll of Healing |
| 15:27 | Unholy Aura |
| Right click | 1570 |
| Select | 464 |
| Select group | 248 |
| Chat | 114 |
| Misc. action | 107 |
| Build/train/purchase | 90 |
| Assign group | 60 |
| Use ability | 33 |
| Minimap ping | 16 |
| Resource trade | 4 |
| Esc | 2 |
| Item give/drop | 1 |
⇛